Map: Nightshade LE

Players

Rogue - Winner!

  • Race: Zerg Zerg
  • Spawn Location: 11:00

Zest

  • Race: Protoss Protoss
  • Spawn Location: 5:00

Event: IEM Katowice 2020

VOD

Have the link to the VOD?

Description

Time

  • Played on: March 1, 2020, 7:16 a.m.
  • Length: 4:14

All games in this series

Show
View Real Time Build Order
Export as new Build Order

Rogue Zerg - Winner!

Build Orders: Hatch First 

Get SALT Encoding   

  12  0:00  Drone  
  13  0:12  Overlord  
  13  0:18  Drone  
  14  0:30  Drone  
  15  0:45  Drone x2  
  15  0:47  Drone  
  18  0:55  Hatchery  
  17  1:00  Drone  
  17  1:01  Extractor  
  17  1:15  Spawning Pool  
  17  1:16  Drone  
  17  1:20  Drone  
  18  1:28  Drone  
  19  1:39  Overlord  
  19  1:51  Drone  
  20  2:02  Zergling x2, Queen  
  20  2:06  Metabolic Boost  
  20  2:07  Queen  
  20  2:08  Zergling x2  
  26  2:12  Drone  
  27  2:18  Drone  
  28  2:25  Roach Warren  
  27  2:31  Drone x2  
  30  2:37  Zergling x2  
  30  2:43  Overlord  
  30  2:51  Overlord  
  30  3:08  Roach x4  
  42  3:12  Roach  
  42  3:13  Roach  
  42  3:14  Zergling x4  
  44  3:22  Zergling x6  
  44  3:25  Zergling x2  
  48  3:28  Zergling x2  
  48  3:34  Overlord  
  48  3:38  Zergling x2  
  48  3:41  Ravager  
  50  3:43  Zergling x2  
  50  3:47  Zergling x2  
  52  3:53  Zergling x4  
  52  3:56  Zergling x2  
Show
View Real Time Build Order
Export as new Build Order

Zest Protoss 

Build Orders: 1 Gate Expand 

Get SALT Encoding   

  12  0:00  Probe  
  13  0:15  Pylon  
  13  0:18  Probe (Chrono Boost)  
  14  0:27  Probe (Chrono Boost)  
  15  0:32  Probe (Chrono Boost)  
  16  0:38  Gateway  
  16  0:44  Probe  
  16  0:48  Assimilator  
  17  0:56  Probe  
  18  1:08  Probe  
  19  1:20  Probe  
  20  1:27  Nexus  
  20  1:33  Cybernetics Core  
  20  1:37  Probe  
  21  1:44  Assimilator  
  21  1:49  Probe  
  21  1:52  Pylon  
  22  2:01  Probe (Chrono Boost)  
  23  2:08  Adept (Chrono Boost)  
  23  2:12  Probe (Chrono Boost)  
  26  2:17  Probe (Chrono Boost)  
  26  2:20  Warp Gate (Chrono Boost)  
  27  2:24  Twilight Council  
  27  2:27  Probe  
  28  2:31  Stalker  
  30  2:40  Probe x2  
  32  2:52  Probe x2, Robotics Facility  
  34  3:04  Probe  
  36  3:12  Gateway  
  35  3:14  Gateway  
  35  3:17  Probe  
  35  3:18  Probe  
  37  3:25  Gateway  
  37  3:33  Probe x2  
  39  3:37  Warp Prism (Chrono Boost)  
  41  3:43  Pylon  
  41  3:45  Probe  
  38  4:04  Pylon  
  38  4:05  Sentry  
  38  4:07  Adept  

Tags
 
Add a new tag
Caveats
  • Supply blocks, unpowered buildings, or Contaminate may cause inaccurate times.
  • Supply counts are checked every 10 seconds.